 Dungeon Sprint DCSS version 0.30-a0-1160-g6e42c06551 (webtiles) character file.

Game seed: 13899514121482120735

411953 123456 the Conqueror (level 18, -1/200 HPs)
             Began as a Minotaur Fighter on Apr 26, 2023.
             Was an Initiate of Gozag.
             Killed from afar by Antaeus (17 damage)
             ... with an icy flash freeze
             ... in the Dungeon (Sprint IX: "|||||||||||||||||||||||||||||").
             The game lasted 00:30:35 (8739 turns).

123456 the Conqueror (Minotaur Fighter)             Turns: 8739, Time: 00:30:36

Health: -1/200     AC: 40    Str: 34    XL:     18   Next: 92%
Magic:  20/20      EV: 22    Int:  8    God:    Gozag
Gold:   15132      SH: 31    Dex: 15    Spells: 22/22 levels left

rFire   + + .        y - +10 morningstar "Eos" {elec, Halo rElec}
rCold   + + .        F - +6 tower shield
rNeg    + + +        E - +9 plate armour of the Fisher {Str+3}
rPois   +            P - +2 hat
rElec   +            X - +0 cloak {rCorr}
rCorr   +            S - +0 pair of gloves {Str+3}
SInv    .            c - +1 pair of boots of Focus {rC+}
Will    ++...        n - amulet of regeneration
Stlth   ++           a - ring of Woril {rPois rF++ Str+3}
HPRegen 1.33/turn    H - ring "Eneoj" {Drain rC+ rN+++ Slay+4}
MPRegen 0.17/turn

%: no teleportation, random rage (3%)
@: gold aura, slowed, glowing, bribing [the Dungeon], very slow
A: horns 2, retaliatory headbutt, agile 1, berserk 1, clever 1, strong-willed 1
}: 9/17 runes: decaying, serpentine, barnacled, slimy, elven, silver, golden,
abyssal, gossamer
a: Renounce Religion, Potion Petition, Call Merchant, Bribe Branch


You were in the Dungeon.
You worshipped Gozag.
Gozag was extremely pleased with you.
You visited 1 branch You collected 46077 gold pieces.
You spent 5677 gold pieces at shops.
You paid 25268 gold pieces to Gozag.

Inventory:

Hand Weapons
 y - the +10 morningstar "Eos" (weapon) {elec, Halo rElec}
   (You bought it in a shop in the Dungeon)

   Halo:      It grants its wielder a halo, revealing invisible creatures and
   increasing accuracy against all within it other than the wielder.
   rElec:     It insulates you from electricity.
Missiles
 u - a throwing net
 T - 8 javelins (quivered)
Armour
 c - the +1 pair of boots of Focus (worn) {rC+}
   (You bought it in a shop in the Dungeon)

   rC:        It protects you from cold.
 o - a +2 pair of boots
 E - the +9 plate armour of the Fisher (worn) {Str+3}
   (You found it in the Dungeon)

   Str:       It affects your strength (+3).
 F - a +6 tower shield (worn)
 G - a scarf of resistance
 P - a +2 hat (worn)
 S - a +0 pair of gloves of strength (worn)
 X - a +0 cloak of preservation (worn)
Jewellery
 a - the ring of Woril (left hand) {rPois rF++ Str+3}
   (You found it in the Dungeon)

   [ring of strength]

   Str:       It affects your strength (+3).
   rF:        It greatly protects you from fire.
   rPois:     It protects you from poison.
 n - an amulet of regeneration (around neck)
 v - the ring "Jomul" {Contam rF+++ Int+3 Dex+6}
   (You bought it in a shop in the Dungeon)

   [ring of dexterity]

   Int:       It affects your intelligence (+3).
   Dex:       It affects your dexterity (+6).
   rF:        It renders you almost immune to fire.
   Contam:    It causes magical contamination when unequipped.
 H - the ring "Eneoj" (right hand) {Drain rC+ rN+++ Slay+4}
   (You bought it in a shop in the Dungeon)

   [ring of protection from cold]

   Slay:      It affects your accuracy & damage with ranged weapons and melee
   (+4).
   rC:        It protects you from cold.
   rN:        It renders you almost immune to negative energy.
   Drain:     It drains your maximum health when unequipped.
 Y - a +6 ring of dexterity
Wands
 l - a wand of mindburst (12)
 m - a wand of light (10)
 K - a wand of digging (4)
Scrolls
 j - 5 scrolls of blinking
 s - 2 scrolls of identify
 t - 5 scrolls of fear
 x - 7 scrolls of enchant weapon
 R - 3 scrolls of fog
 Z - a scroll of enchant armour
Potions
 b - 3 potions of brilliance
 d - a potion of might
 e - 6 potions of curing
 g - 8 potions of haste
 h - 9 potions of magic
 i - 5 potions of berserk rage
 k - a potion of invisibility
 p - a potion of attraction {unknown}
 I - 12 potions of heal wounds
 Q - a potion of mutation
 W - a potion of degeneration {unknown}
Miscellaneous
 f - a box of beasts
 q - the horn of Geryon


   Skills:
 O Level 27 Fighting
 + Level 4.3(5.0) Short Blades
 + Level 4.1(5.2) Long Blades
 + Level 4.1(18.6) Axes
 O Level 27 Maces & Flails
 + Level 4.2(5.8) Polearms
 + Level 4.1(18.6) Staves
 + Level 3.8 Ranged Weapons
 O Level 27 Throwing
 O Level 27 Armour
 O Level 27 Dodging
 O Level 27 Stealth
 O Level 27 Shields
 + Level 4.2 Unarmed Combat
 + Level 2.6 Spellcasting
 + Level 2.9 Conjurations
 + Level 2.5 Hexes
 + Level 2.9 Summonings
 + Level 2.9 Necromancy
 + Level 2.8 Translocations
 + Level 3.2 Transmutations
 + Level 2.9 Fire Magic
 + Level 2.9 Ice Magic
 + Level 2.8 Air Magic
 + Level 3.2 Earth Magic
 + Level 2.9 Poison Magic
 + Level 3.9 Invocations
 + Level 3.6 Evocations


You had 22 spell levels left.
You didn't know any spells.
Your spell library contained the following spells:

 Spells                   Type           Power      Damage    Failure   Level
 Anguish                  Hex/Necr       2%         N/A       95%         4
 Cause Fear               Hex            2%         N/A       96%         4
 Enfeeble                 Hex            2%         N/A       100%        7
 Borgnjor's Revivificati  Necr           2%         N/A       100%        8
 Necromutation            Tmut/Necr      3%         N/A       100%        8
 Death's Door             Necr           2%         N/A       100%        9


Dungeon Overview and Level Annotations

Branches:
Dungeon (1/1)

Altars:
Cheibriados
Dithmenos
Elyvilon
Fedhas
Gozag
Hepliaklqana
Kikubaaqudgha
Makhleb
Nemelex Xobeh
Okawaru
Qazlal
Ru
Sif Muna
Trog
Uskayaw
Vehumet
Wu Jian
Xom
Yredelemnul
Zin
The Shining One
Jiyva
Lugonu

Shops:
D (*=[*[*=[*?([(

Annotations:
D Antaeus, Dispater, Gloorx Vloq, Joseph, Mnoleg


Innate Abilities, Weirdness & Mutations

You have a pair of horns on your head.
You reflexively headbutt those who attack you in melee.
You are agile. (Dex +4, Str/Int -1)
You sometimes lose your temper in combat.
Your mind is acute. (Int +4, Str/Dex -1)
You are strong-willed. (Will+)


Message History

Gloorx Vloq calls on the powers of darkness!
Your body is wracked with pain!
* * * LOW HITPOINT WARNING * * *
Gloorx Vloq calls on the powers of darkness!
Your body is wracked with pain!
* * * LOW HITPOINT WARNING * * *
Mnoleg gestures.
Your royal mummy hits Antaeus but does no damage.
Your mummy priest prays to its god.
Antaeus sneers, "Embrace thy dedition, thou errant bat-fowling flim-flammer!"
Antaeus hits your royal mummy!!! Antaeus freezes your royal mummy!!
Your royal mummy resists.
Antaeus closely misses your royal mummy.
Your royal mummy gestures wildly while chanting.
Dispater shouts, "Remove thy stench, thou qualling dread-bolted horn-beast!"
Your royal mummy casts a spell.
You see here 54 gold pieces. [a] - 115 gold - heal wounds [b] - 220 gold - curing and magic [c] - 462 gold - invisibility, might and resistance Purchase which effect?
You feel much better.
Gloorx Vloq calls on the powers of darkness!
Your body is wracked with pain!
* * * LOW HITPOINT WARNING * * *
Gloorx Vloq calls on the powers of darkness!
Your body is wracked with pain!
* * * LOW HITPOINT WARNING * * *
Antaeus hits your royal mummy!!! Antaeus freezes your royal mummy!
Your royal mummy resists.
Antaeus hits your royal mummy! Antaeus freezes your royal mummy!!
Your royal mummy resists.
Your royal mummy is destroyed!
Your emperor scorpion disappears in a puff of smoke!
A malignant aura surrounds Antaeus.
Antaeus looks incredibly listless.
Antaeus seems to slow down.
Dispater gestures.
Antaeus gestures at you. The icy flash freeze hits you! You partially resist.
You die...
Your body crumbles into a pile of gold. ▓▓▓▓▓▓▓▓▓▓▓▓▓▓▓▓▓▓▓▓▓▓▓▓▓▓▓▓ ..MMMMMM.MMMMM§M@$C&X&1&13.X ▓▓▓▓▓▓▓▓▓▓▓▓▓▓▓▓▓▓▓▓▓▓▓▓▓▓▓▓▓▓▓▓▓ ................................. ▓▓▓▓▓▓▓▓▓▓▓▓▓▓▓▓▓▓▓▓▓▓▓▓▓▓▓▓▓▓▓▓▓ .HHMMMMM.MMMMMMMM..MMMMMMMMMMMM.3

▓▓▓▓▓▓▓▓▓▓▓▓▓▓▓▓▓▓▓▓▓▓▓▓▓▓▓▓▓▓▓▓▓
.................................
♣♣♣▓▓▓▓▓▓▓▓▓▓▓▓▓▓▓▓▓▓▓▓▓▓▓▓▓▓▓▓▓▓
..e'..eeeee.......')........ee).e


You could see Antaeus (fast, inner flame, strong, slow, weak-willed, ally
target), Dispater (fast, strong, agile, resistant), Gloorx Vloq (fast, agile,
resistant), Mnoleg, an Executioner (summoned, fast, agile, distracted), a large
abomination (summoned), a neutral royal mummy (distracted), a friendly royal
mummy, 2 friendly mummy priests and 2 friendly guardian mummies.

Vanquished Creatures
  the Royal Jelly (D)
  4 orbs of fire (D)
  2 ancient liches (D)
  Mennas (D)
  Mara (D)
  Xtahua (D)
  Geryon (D)
  8 golden dragons (D)
  Nikola (D)
  2 bone dragons (D)
  4 electric golems (D)
  5 tentacled monstrosities (D)
  2 liches (D)
  26 Orb Guardians (D)
  Frances (D)
  3 quicksilver dragons (D)
  9 acid blobs (D)
  3 death cobs (D)
  2 sphinxes (D)
  2 storm dragons (D)
  Kirke (D)
  8 shadow dragons (D)
  2 tengu reavers (D)
  5 rockslimes (D)
  2 fire giants (D)
  Ilsuiw (D)
  2 nagarajas (D)
  4 azure jellies (D)
  A draconian monk (D)
  An iron dragon (D)
  A vault warden (D)
  Louise (D)
  2 emperor scorpions (D)
  A ghost moth (D)
  2 very ugly things (D)
  A draconian stormcaller (D)
  9 quicksilver oozes (D)
  2 draconian annihilators (D)
  An ironbound preserver (D)
  A stone giant (D)
  9 vampire knights (D)
  2 draconian shifters (D)
  A green draconian (D)
  4 purple draconians (D)
  A white draconian (D)
  4 yellow draconians (D)
  6 red draconians (D)
  A bunyip (D)
  3 black draconians (D)
  A dire elephant (D)
  3 ettins (D)
  A merfolk impaler (D)
  4 merfolk javelineers (D)
  A deep elf death mage (D)
  2 fire dragons (D)
  A yaktaur captain (D)
  Erolcha (D)
  25 vault guards (D)
  4 ice dragons (D)
  Harold (D)
  8 hydras (D)
  A peacekeeper (D)
  2 merfolk avatars (D)
  An anaconda (shapeshifter) (D)
  A catoblepas (D)
  A merfolk aquamancer (D)
  An alligator (D)
  A centaur warrior (D)
  3 boulder beetles (D)
  A two-headed ogre (D)
  A hell knight (D)
  Nergalle (D)
  2 pharaoh ants (D)
  2 sea snakes (D)
  A deep troll (D)
  4 swamp dragons (D)
  A phantasmal warrior (D)
  3 ironbound convokers (D)
  An orc knight (D)
  2 wolf spiders (D)
  A harpy (D)
  A manticore (D)
  2 ugly things (D)
  A merfolk siren (D)
  15 moths of wrath (D)
  4 black mambas (D)
  A guardian serpent (D)
  A torpor snail (D)
  Maurice (D)
  A vault sentinel (D)
  A torpor snail (shapeshifter) (D)
  2 naga magi (D)
  3 demonic crawlers (D)
  A cane toad (D)
  2 unseen horrors (D)
  A rime drake (D)
  An efreet (D)
  4 komodo dragons (D)
  A tengu conjurer (D)
  5 guardian mummies (D)
  4 trolls (D)
  An ancient zyme (D)
  A merfolk (D)
  A tyrant leech (D)
  A wandering mushroom (D)
  2 blink frogs (D)
  A yak (D)
  11 spriggans (D)
  A jumping spider (D)
  4 redbacks (D)
  2 nagas (D)
  A warg (D)
  2 hell hounds (D)
  An acid dragon (D)
  2 water moccasins (D)
  8 orc warriors (D)
  A swamp drake (D)
  A black bear (D)
  5 wolves (D)
  A gnoll sergeant (D)
  3 bullfrogs (D)
  A scorpion (D)
  2 orc priests (D)
  2 gnoll boudas (D)
  A hound (D)
  2 orc wizards (D)
  A shadow imp (D)
  8 orcs (D)
  A ball python (D)
  An endoplasm (D)
  A giant cockroach (D)
  A kobold (D)
  A rat (D)
365 creatures vanquished.

Vanquished Creatures (collateral kills)
  3 nagarajas (D)
  An ironbound preserver (D)
  An orc warlord (D)
  A very ugly thing (D)
  A merfolk javelineer (D)
  2 fire dragons (D)
  Josephine (D)
  A yaktaur captain (D)
  A great orb of eyes (D)
  A rakshasa (D)
  2 hydras (D)
  An ice dragon (D)
  2 ogre magi (D)
  A spriggan air mage (D)
  A merfolk avatar (D)
  An alligator (D)
  2 naga warriors (D)
  A tengu warrior (D)
  A swamp dragon (D)
  A black mamba (D)
  A guardian serpent (D)
  2 naga magi (D)
  A yaktaur (D)
  A guardian mummy (D)
  4 merfolk (D)
  3 trolls (D)
  3 wraiths (D)
  A vampire mosquito (D)
  A naga (D)
  A small abomination (D)
44 creatures vanquished.

Vanquished Creatures (others)
  3 royal mummies (D)
  A golden dragon (D)
  A deep elf master archer (D)
  2 deep elf blademasters (D)
  An acid blob (D)
  A tentacled starspawn (D)
  A fire giant (D)
  A vault warden (D)
  A frost giant (D)
  2 ironbound preservers (D)
  An angel (D)
  A draconian annihilator (D)
  2 deep elf annihilators (D)
  A stone giant (D)
  2 entropy weavers (D)
  An ettin (D)
  A great orb of eyes (D)
  4 ogre magi (D)
  A centaur warrior (D)
  A naga warrior (D)
  A merfolk aquamancer (D)
  An alligator (D)
  3 deep troll shamans (D)
  2 tengu warriors (D)
  A spriggan berserker (D)
  2 deep trolls (D)
  A mana viper (D)
  An ugly thing (D)
  A cyclops (D)
  A water nymph (D)
  2 vault sentinels (D)
  A smoke demon (D)
  A tengu conjurer (D)
  4 guardian mummies (D)
  2 bloated husks (D)
  2 large abominations (D)
  A troll (D)
  A hornet (D)
  A spriggan (D)
  Eustachio (D)
  A fire bat (D)
  3 humans (D)
  A golden eye (D)
  A naga (D)
  2 orc warriors (D)
  An adder simulacrum (D)
  An orc (D)
69 creatures vanquished.

Grand Total: 478 creatures vanquished

Notes
Turn   | Place    | Note
-------+----------+-------------------------------------------
     0 | D        | 123456 the Minotaur Fighter began the quest for the Orb.
     0 | D        | Reached XP level 1. HP: 19/19 MP: 0/0
     8 | D        | Reached skill level 1 in Dodging
    24 | D        | Noticed a hound
    24 | D        | Noticed a scorpion
    24 | D        | Noticed a gnoll bouda
    24 | D        | Noticed a gnoll bouda
    29 | D        | Killed a hound
    30 | D        | Reached skill level 5 in Fighting
    30 | D        | Reached XP level 2. HP: 29/29 MP: 1/1
    30 | D        | Reached XP level 3. HP: 36/36 MP: 2/2
    32 | D        | Killed a scorpion
    33 | D        | Reached skill level 5 in Armour
    33 | D        | Reached XP level 4. HP: 38/45 MP: 3/3
    34 | D        | Banished a spatial maelstrom
    49 | D        | Reached XP level 5. HP: 5/53 MP: 4/4
   224 | D        | Found a snail-covered altar of Cheibriados.
   224 | D        | Found a shadowy altar of Dithmenos.
   224 | D        | Found a white marble altar of Elyvilon.
   224 | D        | Found a blossoming altar of Fedhas.
   224 | D        | Found an opulent altar of Gozag.
   225 | D        | Found a hazy altar of Hepliaklqana.
   226 | D        | Found a viscous altar of Jiyva.
   227 | D        | Found an ancient bone altar of Kikubaaqudgha.
   228 | D        | Found a corrupted altar of Lugonu.
   229 | D        | Found a burning altar of Makhleb.
   230 | D        | Found a sparkling altar of Nemelex Xobeh.
   231 | D        | Found an iron altar of Okawaru.
   236 | D        | Found a stormy altar of Qazlal.
   238 | D        | Became a worshipper of Gozag Ym Sagoz the Greedy
   242 | D        | Found a sacrificial altar of Ru.
   243 | D        | Found a shimmering blue altar of Sif Muna.
   244 | D        | Found a bloodstained altar of Trog.
   245 | D        | Found a hide-covered altar of Uskayaw.
   246 | D        | Found a radiant altar of Vehumet.
   247 | D        | Found an ornate altar of the Wu Jian Council.
   248 | D        | Found a shimmering altar of Xom.
   249 | D        | Found a basalt altar of Yredelemnul.
   250 | D        | Found a glowing silver altar of Zin.
   251 | D        | Found a glowing golden altar of the Shining One.
   310 | D        | Noticed a troll
   310 | D        | Noticed an orc warrior
   310 | D        | Noticed a two-headed ogre
   310 | D        | Noticed a komodo dragon
   310 | D        | Noticed a troll
   317 | D        | Killed a troll
   318 | D        | Reached skill level 10 in Fighting
   318 | D        | Reached XP level 6. HP: 59/67 MP: 5/5
   328 | D        | Killed a two-headed ogre
   329 | D        | Reached XP level 7. HP: 50/78 MP: 6/6
   332 | D        | Reached XP level 8. HP: 52/85 MP: 7/7
   341 | D        | Killed a komodo dragon
   344 | D        | Killed a troll
   351 | D        | Reached skill level 10 in Armour
   492 | D        | Noticed an efreet
   492 | D        | Noticed a centaur warrior
   492 | D        | Noticed a four-headed hydra
   492 | D        | Noticed a tengu conjurer
   500 | D        | Killed an efreet
   505 | D        | Killed a centaur warrior
   509 | D        | Killed a four-headed hydra
   510 | D        | Reached skill level 15 in Fighting
   510 | D        | Reached XP level 9. HP: 71/97 MP: 8/8
   514 | D        | Killed an unseen horror
   515 | D        | Reached skill level 15 in Maces & Flails
   517 | D        | Killed a tengu conjurer
   518 | D        | Reached skill level 10 in Dodging
   531 | D        | Killed an unseen horror
   743 | D        | Noticed a cane toad
   743 | D        | Noticed a komodo dragon
   743 | D        | Noticed a black mamba
   749 | D        | Killed a cane toad
   754 | D        | Noticed a catoblepas
   771 | D        | Killed a komodo dragon
   772 | D        | Reached XP level 10. HP: 83/108 MP: 9/9
   798 | D        | Killed a catoblepas
   813 | D        | Killed a black mamba
  1046 | D        | Noticed a black mamba
  1049 | D        | Noticed an eight-headed hydra
  1069 | D        | Killed a black mamba
  1083 | D        | Killed an eight-headed hydra
  1216 | D        | Reached XP level 11. HP: 111/121 MP: 10/10
  1433 | D        | Noticed Harold
  1450 | D        | Killed Harold
  1613 | D        | Noticed an orc knight
  1624 | D        | Killed an orc knight
  1648 | D        | Noticed an orc knight
  1780 | D        | Found Niykad's Antique Armour Emporium.
  1780 | D        | Noticed a deep troll
  1780 | D        | Noticed an ogre mage
  1780 | D        | Noticed an ogre mage
  1780 | D        | Noticed an ogre mage
  1782 | D        | Found Mesoimm Cuyz's General Store.
  1783 | D        | Killed an ogre mage
  1784 | D        | Found Daos's Magic Scroll Emporium.
  1786 | D        | Found Subigus's Weapon Shoppe.
  1787 | D        | Noticed a deep troll
  1790 | D        | Noticed a deep troll
  1790 | D        | Killed a deep troll
  1791 | D        | Noticed an ogre mage
  1793 | D        | Killed an ogre mage
  1796 | D        | Killed a deep troll
  1881 | D        | Bought a runed plate armour for 780 gold pieces
  1881 | D        | Bought an embroidered cloak for 225 gold pieces
  1895 | D        | Bought a box of beasts for 560 gold pieces
  1895 | D        | Bought a scroll of enchant armour for 105 gold pieces
  1897 | D        | Bought a scroll of enchant weapon for 82 gold pieces
  1899 | D        | Bought the +10 morningstar "Eos" {elec, Halo rElec} for 888
                  | gold pieces
  1899 | D        | Found the +10 morningstar "Eos" {elec, Halo rElec}
  2491 | D        | Noticed Erolcha
  2496 | D        | Killed Erolcha
  2524 | D        | Noticed Eustachio
  2525 | D        | Noticed Joseph
  2528 | D        | Killed Eustachio
  2580 | D        | Got the +9 plate armour of the Fisher {Str+3}
  2637 | D        | Gained mutation: You have large cloven feet. [potion of
                  | mutation]
  2637 | D        | Gained mutation: You are dopey. (Int -2) [potion of
                  | mutation]
  2638 | D        | Noticed a green ugly thing
  2638 | D        | Noticed an ogre mage
  2638 | D        | Noticed an ogre mage
  2642 | D        | Killed a green ugly thing
  2645 | D        | Noticed a green ugly thing
  2646 | D        | Noticed an ice dragon
  2647 | D        | Noticed a tengu warrior
  2648 | D        | Noticed a deep troll shaman
  2649 | D        | Noticed an ice dragon
  2650 | D        | Noticed a stone giant
  2652 | D        | Killed a green ugly thing
  2654 | D        | Killed an ice dragon
  2654 | D        | Killed a tengu warrior
  2655 | D        | Reached skill level 15 in Armour
  2655 | D        | Noticed a fire dragon
  2655 | D        | Killed a stone giant
  2656 | D        | Noticed a tengu warrior
  2662 | D        | Killed a fire dragon
  2663 | D        | Killed an ice dragon
  2797 | D        | Bought the ring "Eneoj" {Drain rC+ rN+++ Slay+4} for 1027
                  | gold pieces
  2877 | D        | Noticed Nergalle
  2884 | D        | Killed Nergalle
  2916 | D        | Noticed a boulder beetle
  2916 | D        | Noticed a boulder beetle
  2916 | D        | Noticed a wolf spider
  2919 | D        | Killed a boulder beetle
  2919 | D        | Noticed a pharaoh ant
  2920 | D        | Reached XP level 12. HP: 136/136 MP: 11/11
  2942 | D        | Killed a boulder beetle
  2984 | D        | Bought a potion of heal wounds for 140 gold pieces
  2984 | D        | Bought a runed kite shield for 210 gold pieces
  2994 | D        | Noticed a merfolk aquamancer
  2994 | D        | Noticed a merfolk avatar
  2998 | D        | Killed a merfolk aquamancer
  3014 | D        | Killed a merfolk avatar
  3070 | D        | Noticed a naga warrior
  3082 | D        | Reached skill level 15 in Dodging
  3135 | D        | Noticed an alligator
  3135 | D        | Noticed a five-headed hydra
  3135 | D        | Noticed a four-headed hydra
  3135 | D        | Noticed a bunyip
  3136 | D        | Noticed an alligator
  3141 | D        | Killed an alligator
  3143 | D        | Killed an alligator
  3146 | D        | Killed a five-headed hydra
  3149 | D        | Killed a four-headed hydra
  3151 | D        | Killed a bunyip
  3227 | D        | Noticed Maurice
  3232 | D        | Killed Maurice
  3237 | D        | Bought a potion of heal wounds for 60 gold pieces
  3237 | D        | Bought a potion of mutation for 96 gold pieces
  3237 | D        | Bought a potion of curing for 36 gold pieces
  3237 | D        | Lost mutation: You have large cloven feet. [potion of
                  | mutation]
  3237 | D        | Lost mutation: You are dopey. (Int -2) [potion of mutation]
  3237 | D        | Gained mutation: You are strong-willed. (Will+) [potion of
                  | mutation]
  3237 | D        | Gained mutation: You are agile. (Dex +4, Str/Int -1)
                  | [potion of mutation]
  3241 | D        | Noticed Josephine
  3292 | D        | Noticed a brown very ugly thing
  3292 | D        | Noticed a frost giant
  3292 | D        | Noticed an ettin
  3292 | D        | Noticed a fire giant
  3292 | D        | Noticed a golden dragon
  3294 | D        | Killed an ettin
  3297 | D        | Killed a brown very ugly thing
  3297 | D        | Killed a fire giant
  3298 | D        | Noticed a deep troll shaman
  3298 | D        | Killed a deep troll shaman
  3298 | D        | Killed a deep troll shaman
  3301 | D        | Noticed a tengu warrior
  3302 | D        | Killed a golden dragon
  3302 | D        | Killed a tengu warrior
  3303 | D        | Noticed an ice dragon
  3305 | D        | Noticed a spriggan air mage
  3305 | D        | Noticed a fire dragon
  3307 | D        | Noticed a frost giant
  3308 | D        | Noticed a red very ugly thing
  3309 | D        | Noticed an ice dragon
  3309 | D        | Killed a red very ugly thing
  3310 | D        | Reached XP level 13. HP: 148/148 MP: 12/12
  3312 | D        | Killed a fire dragon
  3394 | D        | Noticed an ironbound thunderhulk
  3394 | D        | Noticed a vault warden
  3394 | D        | Noticed an ironbound preserver
  3395 | D        | Noticed an orc warlord
  3400 | D        | Noticed an ironbound preserver
  3402 | D        | Noticed a dire elephant
  3405 | D        | Noticed an ironbound preserver
  3407 | D        | Noticed a vault warden
  3415 | D        | Killed a dire elephant
  3501 | D        | Noticed Mennas
  3505 | D        | Killed Josephine
  3507 | D        | Killed an ironbound preserver
  3509 | D        | Killed an orc warlord
  3595 | D        | Found the +18 Lear's hauberk
  3700 | D        | Noticed Kirke
  3705 | D        | Killed Kirke
  3745 | D        | Noticed an emperor scorpion
  3755 | D        | Killed an emperor scorpion
  3760 | D        | Noticed a ghost moth
  3764 | D        | Killed a ghost moth
  3769 | D        | Noticed an emperor scorpion
  3784 | D        | Killed an emperor scorpion
  3785 | D        | Reached skill level 1 in Throwing
  3806 | D        | Got a gossamer rune of Zot
  3856 | D        | Noticed a merfolk javelineer
  3856 | D        | Noticed a merfolk javelineer
  3856 | D        | Noticed a merfolk javelineer
  3857 | D        | Noticed Ilsuiw
  3864 | D        | Killed a merfolk javelineer
  3865 | D        | Noticed a merfolk impaler
  3867 | D        | Noticed a merfolk javelineer
  3870 | D        | Killed Ilsuiw
  3875 | D        | Killed a merfolk javelineer
  3876 | D        | Noticed a merfolk javelineer
  3879 | D        | Killed a merfolk javelineer
  3884 | D        | Killed a merfolk javelineer
  3886 | D        | Killed a merfolk javelineer
  3890 | D        | Killed a merfolk impaler
  3893 | D        | Reached XP level 14. HP: 126/165 MP: 13/13
  3909 | D        | Got a barnacled rune of Zot
  3926 | D        | Bought the ring "Jomul" {Contam rF+++ Int+3 Dex+6} for 944
                  | gold pieces
  3943 | D        | Noticed a nagaraja
  3943 | D        | Noticed a nagaraja
  3943 | D        | Noticed a nagaraja
  3944 | D        | Noticed a nagaraja
  3948 | D        | Killed a nagaraja
  3949 | D        | Reached skill level 5 in Throwing
  3951 | D        | Killed a nagaraja
  3952 | D        | Noticed a nagaraja
  3954 | D        | Killed a nagaraja
  3957 | D        | Killed a nagaraja
  3966 | D        | Killed a nagaraja
  3989 | D        | Got a serpentine rune of Zot
  4006 | D        | Bought a pair of embroidered gloves for 150 gold pieces
  4062 | D        | Reached skill level 27 in Fighting
  4067 | D        | Reached skill level 27 in Maces & Flails
  4113 | D        | Killed Mennas
  4326 | D        | HP: 8/168 [poison (poison gas)]
  4567 | D        | Got a decaying rune of Zot
  4827 | D        | Noticed Frances
  4836 | D        | Killed Frances
  4837 | D        | Reached skill level 10 in Throwing
  5031 | D        | Noticed Nikola
  5041 | D        | Killed Nikola
  5102 | D        | Reached skill level 5 in Shields
  5124 | D        | Reached XP level 15. HP: 174/174 MP: 14/14
  5175 | D        | Reached skill level 10 in Shields
  5246 | D        | Noticed a tengu reaver
  5246 | D        | Noticed a vault warden
  5246 | D        | Noticed a shadow dragon
  5256 | D        | Killed a tengu reaver
  5261 | D        | Noticed a tengu reaver
  5264 | D        | Killed a vault warden
  5271 | D        | Killed a shadow dragon
  5276 | D        | Noticed a shadow dragon
  5278 | D        | Identified the staff of air "Furor" {rElec rC+ rN+ Int-2}
  5281 | D        | Noticed a shadow dragon
  5287 | D        | Killed a tengu reaver
  5308 | D        | Killed a shadow dragon
  5313 | D        | Noticed an Orb Guardian
  5314 | D        | Killed a shadow dragon
  5316 | D        | Noticed a sphinx
  5319 | D        | Killed an Orb Guardian
  5323 | D        | Killed a sphinx
  5328 | D        | Reached skill level 15 in Throwing
  5484 | D        | Noticed a sphinx
  5484 | D        | Noticed a shadow dragon
  5484 | D        | Noticed a shadow dragon
  5484 | D        | Noticed a tentacled monstrosity
  5484 | D        | Noticed a quicksilver dragon
  5484 | D        | Noticed a shadow dragon
  5487 | D        | Killed a sphinx
  5488 | D        | Noticed a tentacled monstrosity
  5493 | D        | Killed a tentacled monstrosity
  5494 | D        | Noticed a shadow dragon
  5502 | D        | Killed a shadow dragon
  5503 | D        | Noticed a golden dragon
  5509 | D        | Killed a tentacled monstrosity
  5513 | D        | Killed a shadow dragon
  5519 | D        | Killed a golden dragon
  5520 | D        | Reached skill level 15 in Shields
  5529 | D        | Killed a shadow dragon
  5535 | D        | Killed a shadow dragon
  5540 | D        | Killed a quicksilver dragon
  5542 | D        | Got a silver rune of Zot
  5645 | D        | Noticed Xtahua
  5653 | D        | Killed Xtahua
  5654 | D        | Reached XP level 16. HP: 183/183 MP: 15/15
  5715 | D        | Got the amulet of Ujumeval {Faith Harm Fly rCorr Int-2}
  5718 | D        | Got the ring "Maor Ler" {Wiz SInv}
  5721 | D        | Got the ring "Lulasmo" {rN+ MP+9 EV+3 Dex-2}
  5724 | D        | Got the ring of Woril {rPois rF++ Str+3}
  5725 | D        | Gained mutation: Your mind is acute. (Int +4, Str/Dex -1)
                  | [mutagenic glow]
  5804 | D        | Noticed Mara
  5815 | D        | Killed Mara
  5853 | D        | Noticed Louise
  5868 | D        | Killed Louise
  5891 | D        | Noticed a golden dragon
  5909 | D        | Killed a golden dragon
  5958 | D        | Noticed a bone dragon
  5958 | D        | Noticed a golden dragon
  5971 | D        | Killed a bone dragon
  5977 | D        | Reached skill level 27 in Armour
  5977 | D        | Noticed a storm dragon
  5982 | D        | Killed a golden dragon
  6004 | D        | Noticed a bone dragon
  6010 | D        | Killed a storm dragon
  6024 | D        | Killed a bone dragon
  6063 | D        | Noticed a storm dragon
  6088 | D        | Killed a storm dragon
  6111 | D        | Bought the +1 pair of boots of Focus {rC+} for 258 gold
                  | pieces
  6224 | D        | Bought a bone wand for 116 gold pieces
  6225 | D        | Noticed a golden dragon
  6225 | D        | Noticed a golden dragon
  6232 | D        | Killed a golden dragon
  6243 | D        | Killed a golden dragon
  6285 | D        | Noticed a tentacled monstrosity
  6285 | D        | Noticed a quicksilver dragon
  6286 | D        | Noticed a shadow dragon
  6292 | D        | Killed a tentacled monstrosity
  6299 | D        | Reached skill level 27 in Dodging
  6312 | D        | Killed a quicksilver dragon
  6328 | D        | Killed a shadow dragon
  6376 | D        | Noticed a quicksilver dragon
  6376 | D        | Noticed a golden dragon
  6376 | D        | Noticed a tentacled monstrosity
  6376 | D        | Noticed a golden dragon
  6377 | D        | Noticed a death cob
  6386 | D        | Killed a golden dragon
  6389 | D        | Killed a tentacled monstrosity
  6390 | D        | Reached XP level 17. HP: 163/191 MP: 16/16
  6396 | D        | Killed a quicksilver dragon
  6401 | D        | Killed a golden dragon
  6547 | D        | Noticed an Orb Guardian
  6547 | D        | Noticed an Orb Guardian
  6547 | D        | Noticed an Orb Guardian
  6547 | D        | Noticed an Orb Guardian
  6547 | D        | Noticed an Orb Guardian
  6553 | D        | Killed an Orb Guardian
  6556 | D        | Killed an Orb Guardian
  6562 | D        | Killed an Orb Guardian
  6570 | D        | Killed an Orb Guardian
  6577 | D        | Killed an Orb Guardian
  6578 | D        | Noticed an Orb Guardian
  6579 | D        | Noticed an Orb Guardian
  6580 | D        | Noticed an Orb Guardian
  6581 | D        | Noticed an Orb Guardian
  6590 | D        | Killed an Orb Guardian
  6595 | D        | Killed an Orb Guardian
  6601 | D        | Killed an Orb Guardian
  6603 | D        | Killed an Orb Guardian
  6639 | D        | Noticed a tentacled monstrosity
  6639 | D        | Noticed an Orb Guardian
  6639 | D        | Noticed an Orb Guardian
  6640 | D        | Noticed an Orb Guardian
  6644 | D        | Killed a tentacled monstrosity
  6645 | D        | Reached skill level 27 in Shields
  6645 | D        | Noticed an Orb Guardian
  6651 | D        | Killed an Orb Guardian
  6661 | D        | Killed an Orb Guardian
  6674 | D        | Killed an Orb Guardian
  6683 | D        | Killed an Orb Guardian
  6785 | D        | Noticed an ancient lich
  6793 | D        | Killed an ancient lich
  6794 | D        | Reached skill level 27 in Throwing
  6905 | D        | Noticed an orb of fire
  6911 | D        | Gained mutation: You sometimes lose your temper in combat.
                  | [an orb of fire]
  6915 | D        | Killed an orb of fire
  6920 | D        | Noticed an electric golem
  6925 | D        | Killed an electric golem
  6933 | D        | Noticed an orb of fire
  6933 | D        | Noticed an electric golem
  6933 | D        | Noticed an ancient lich
  6933 | D        | Noticed an electric golem
  6936 | D        | Noticed an orb of fire
  6941 | D        | Noticed an electric golem
  6943 | D        | Killed an ancient lich
  6944 | D        | Killed an orb of fire
  6945 | D        | Killed an electric golem
  6950 | D        | Killed an orb of fire
  6955 | D        | Noticed a golden dragon
  6957 | D        | Killed an electric golem
  6960 | D        | Killed an electric golem
  6970 | D        | Killed a golden dragon
  6970 | D        | Noticed an orb of fire
  6971 | D        | Reached XP level 18. HP: 200/200 MP: 17/17
  6987 | D        | Killed an orb of fire
  7133 | D        | Noticed an Orb Guardian
  7133 | D        | Noticed an Orb Guardian
  7133 | D        | Noticed an Orb Guardian
  7133 | D        | Noticed an Orb Guardian
  7133 | D        | Noticed an Orb Guardian
  7133 | D        | Noticed an Orb Guardian
  7137 | D        | Killed an Orb Guardian
  7141 | D        | Killed an Orb Guardian
  7146 | D        | Killed an Orb Guardian
  7148 | D        | Noticed an Orb Guardian
  7150 | D        | Killed an Orb Guardian
  7155 | D        | Killed an Orb Guardian
  7156 | D        | Noticed an Orb Guardian
  7162 | D        | Killed an Orb Guardian
  7163 | D        | Noticed an Orb Guardian
  7167 | D        | Killed an Orb Guardian
  7168 | D        | Noticed an Orb Guardian
  7171 | D        | Killed an Orb Guardian
  7173 | D        | Killed an Orb Guardian
  7174 | D        | Noticed an Orb Guardian
  7180 | D        | Killed an Orb Guardian
  7183 | D        | Noticed an Orb Guardian
  7186 | D        | Killed an Orb Guardian
  7194 | D        | Killed an Orb Guardian
  7319 | D        | Noticed a lich
  7323 | D        | Killed a lich
  7327 | D        | Noticed a lich
  7335 | D        | Killed a lich
  7434 | D        | Got an elven rune of Zot
  7472 | D        | Reached skill level 27 in Stealth
  7478 | D        | Noticed the Royal Jelly
  7482 | D        | Reached skill level 1 in Short Blades
  7482 | D        | Reached skill level 1 in Long Blades
  7482 | D        | Reached skill level 1 in Axes
  7482 | D        | Reached skill level 1 in Polearms
  7482 | D        | Reached skill level 1 in Staves
  7482 | D        | Reached skill level 1 in Unarmed Combat
  7483 | D        | Reached skill level 1 in Ranged Weapons
  7483 | D        | Reached skill level 1 in Transmutations
  7483 | D        | Reached skill level 1 in Earth Magic
  7483 | D        | Reached skill level 1 in Invocations
  7483 | D        | Reached skill level 1 in Evocations
  7492 | D        | Reached skill level 1 in Conjurations
  7492 | D        | Reached skill level 1 in Summonings
  7492 | D        | Reached skill level 1 in Necromancy
  7492 | D        | Reached skill level 1 in Translocations
  7492 | D        | Reached skill level 1 in Fire Magic
  7492 | D        | Reached skill level 1 in Ice Magic
  7492 | D        | Reached skill level 1 in Air Magic
  7492 | D        | Reached skill level 1 in Poison Magic
  7497 | D        | Reached skill level 1 in Spellcasting
  7497 | D        | Reached skill level 1 in Hexes
  7537 | D        | Killed the Royal Jelly
  7552 | D        | Got a slimy rune of Zot
  7764 | D        | Noticed a royal mummy
  7764 | D        | Noticed a royal mummy
  7764 | D        | Noticed a royal mummy
  7768 | D        | Noticed a royal mummy
  7771 | D        | Noticed a royal mummy
  7776 | D        | Got a golden rune of Zot
  7842 | D        | Got an abyssal rune of Zot
  8101 | D        | Noticed Geryon
  8113 | D        | Killed Geryon
  8678 | D        | Noticed Dispater
  8678 | D        | Noticed Mnoleg
  8678 | D        | Noticed Gloorx Vloq
  8679 | D        | Noticed a tentacled monstrosity
  8679 | D        | Noticed a tentacled monstrosity
  8679 | D        | Noticed a tentacled monstrosity
  8695 | D        | Killed a royal mummy
  8702 | D        | Noticed a Hell Sentinel
  8712 | D        | Noticed Antaeus
  8739 | D        | Killed from afar by Antaeus

Illustrated notes

Levels and vault maps discovered:
D:        linesprint [early_d, line_temple, items_1, d_10, items_2, lair_1,
          lair_end, items_3, orc_1, orc_end, items_4, d_15, swamp_1, shoals_1,
          snake_1, spider_1, d_20, vaults_1, items_5, swamp_end, shoals_end,
          snake_end, spider_end, vaults_end, d_27, items_6, zot_1, zot_end,
          crypt_end, forest_end, elf_end, slime_end, tomb_end, abyss_end,
          pan_hell_end]

Skill      XL: |  1  2  3  4  5  6  7  8  9 10 11 12 13 14 15 16 17 18 |
---------------+-------------------------------------------------------+-----
Fighting       | 5 6 8 10 12 15 16 18 21 23 26 27 | 27.0
Maces & Flails | 4 6 7 9 12 14 16 18 20 23 25 27 | 27.0
Dodging        | 2 3 4 6 7 9 10 12 13 15 17 20 23 27 | 27.0
Armour         | 4 5 6 7 9 11 12 13 15 17 19 22 25 27 | 27.0
Throwing       | 4 11 16 22 27 | 27.0
Shields        | 7 16 23 27 | 27.0
Stealth        | 18 27 | 27.0
Short Blades   | 4 |  4.3
Long Blades    | 4 |  4.1
Axes           | 4 |  4.1
Polearms       | 4 |  4.2
Staves         | 4 |  4.1
Unarmed Combat | 4 |  4.2
Ranged Weapons | 3 |  3.8
Transmutations | 3 |  3.2
Earth Magic    | 3 |  3.2
Invocations    | 3 |  3.9
Evocations     | 3 |  3.6
Conjurations   | 2 |  2.9
Summonings     | 2 |  2.9
Necromancy     | 2 |  2.9
Translocations | 2 |  2.8
Fire Magic     | 2 |  2.9
Ice Magic      | 2 |  2.9
Air Magic      | 2 |  2.8
Poison Magic   | 2 |  2.9
Spellcasting   | 2 |  2.6
Hexes          | 2 |  2.5

Action                     |  1- 3 |  4- 6 |  7- 9 | 10-12 | 13-15 | 16-18 || total
---------------------------+-------+-------+-------+-------+-------+-------++-------
  Melee: Flail             |    17 |    16 |       |       |       |       ||    33
         Headbutt          |     1 |     7 |    10 |    67 |   129 |   216 ||   430
         Dire flail        |       |    18 |    72 |   170 |       |       ||   260
         Morningstar       |       |       |       |    87 |   380 |   599 ||  1066
  Throw: Javelin           |       |       |       |       |       |    36 ||    36
         Throwing net      |       |       |       |       |       |     2 ||     2
 Invoke: Call Merchant     |       |       |       |     3 |     5 |     2 ||    10
         Bribe Branch      |       |       |       |     1 |       |     3 ||     4
         Potion Petition   |       |       |       |       |     2 |     1 ||     3
    Use: Scroll            |       |       |     4 |       |    10 |       ||    14
         Potion            |       |       |       |     2 |     8 |       ||    10
   Stab: Petrified         |       |       |     2 |       |       |       ||     2
         Distracted        |       |       |       |     5 |     4 |    10 ||    19
         Sleeping          |       |       |       |       |       |     1 ||     1
 Armour: Scale mail        |    10 |     2 |       |       |       |       ||    12
         Chain mail        |       |    10 |    27 |       |       |       ||    37
         Plate armour      |       |       |     5 |   115 |   124 |   110 ||   354
  Dodge: Dodged            |     9 |    13 |    23 |    73 |   162 |   136 ||   416
  Block: Buckler           |     2 |     3 |       |       |       |       ||     5
         Tower shield      |       |       |       |    23 |   316 |   466 ||   805

Table legend: (Time is in decaauts)
 A = Elapsed time spent in this place.
 B = Non-inter-level travel time spent in this place.
 C = Inter-level travel time spent in this place.
 D = Time resting spent in this place.
 E = Time spent auto-exploring this place.
 F = Levels seen in this place.
 G = Mean time per level.
                   A        B        C        D        E       F      G
               +--------+--------+--------+--------+--------+-----+--------+
         Total |   8432 |   8061 |    371 |   2443 |   2460 |   1 | 8432.0 |
       Dungeon |   8432 |   8061 |    371 |   2443 |   2460 |   1 | 8432.0 |
               +--------+--------+--------+--------+--------+-----+--------+

Top non-repeatable levels by time:
       D: 8432 daAuts
